 Dungeon Crawl Stone Soup version 0.18-a0-1764-gf4ddf0b (webtiles) character file.

943068 JohnFord the Petrodigitator (level 27, -69/175 HPs)
             Began as a Gargoyle Earth Elementalist on Apr 12, 2016.
             Was the Champion of Cheibriados.
             Killed by Shatter
             ... invoked by Vakep the pandemonium lord
              (146 damage)
             ... in Pandemonium on Apr 13, 2016.
             The game lasted 05:19:59 (91495 turns).

JohnFord the Petrodigitator (GrEE)                 Turns: 91495, Time: 05:20:00

Health: -69/175    AC: 65    Str: 39      XL:     27
Magic:  5/42       EV: 31    Int: 49 (51) God:    Cheibriados [******]
Gold:   6979       SH: 17    Dex: 25      Spells: 9 memorised, 28 levels left

rFire  + + +     SeeInvis +     E - +3 morningstar "Qutsuan" {flame, Int+5}
rCold  + + +     Gourm    .     L - +10 plate armour of the Lily {rElec rF+++ MR++ Int-4}
rNeg   + + .     Faith    .     U - +0 shield {reflect}
rPois  ∞         Spirit   .     O - +2 hat {MR+}
rElec  +         Dismiss  .     k - +2 cloak of Starlight {rElec rC+ EV+4 Stlth--}
rCorr  .         Reflect  +     I - +2 pair of gloves {archery}
SustAt .         Harm     .     g - +2 pair of boots "Cid Hiaz" {rElec Str+2 SInv}
MR     ++++.                    z - amulet of Awe {Regen+ Str+6}
Stlth  ..........               r - ring "Toceogett" {rC++ AC-2 Str-5 Int+8}
                                F - ring of Affugh Gifo {rN+ MR- Int+4 Slay+5}

@: mighty, very slow, incredibly resistant to hostile enchantments, extremely
unstealthy
A: big wings, deterioration 1, frail 1, low mp 1, negative energy resistance 1,
electricity resistance, weak 1, unbreathing, petrification resistance, rot
immunity, AC +20
a: Fly, Bend Time, Temporal Distortion, Slouch, Step From Time, Renounce
Religion
}: 6/15 runes: decaying, silver, golden, iron, demonic, gossamer


You were in Pandemonium.
You worshipped Cheibriados.
Cheibriados was exalted by your worship.
You were full.

You visited 14 branches of the dungeon, and saw 67 of its levels.
You visited Pandemonium 1 time, and saw 3 of its levels.
You visited the Abyss 1 time.
You also visited: Ice Cave.

You collected 12654 gold pieces.
You spent 5675 gold pieces at shops.

Inventory:

Hand Weapons
 E - the +3 morningstar "Qutsuan" (weapon) {flame, Int+5}
   (You found it on level 3 of the Elven Halls)

   It has been specially enchanted to burn those struck by it, causing extra
   injury to most foes and up to half again as much damage against particularly
   susceptible opponents.
   It affects your intelligence (+5).
Armour
 g - the +2 pair of boots "Cid Hiaz" (worn) {rElec Str+2 SInv}
   (You acquired it on level 2 of the Vaults)

   It affects your strength (+2).
   It insulates you from electricity.
   It lets you see invisible.
 k - the +2 cloak of Starlight (worn) {rElec rC+ EV+4 Stlth--}
   (You bought it in a shop on level 3 of the Vaults)

   It affects your evasion (+4).
   It protects you from cold.
   It insulates you from electricity.
   It makes you much less stealthy.
 I - a +2 pair of gloves of archery (worn)
 L - the +10 plate armour of the Lily (worn) {rElec rF+++ MR++ Int-4}
   (You found it on level 3 of the Elven Halls)

   It affects your intelligence (-4).
   It renders you almost immune to fire.
   It insulates you from electricity.
   It affects your resistance to hostile enchantments.
 O - a +2 hat of magic resistance (worn)
 U - a +0 shield of reflection (worn)
Jewellery
 f - an uncursed ring of sustain attributes
 j - an uncursed ring of resist corrosion
 r - the ring "Toceogett" (right hand) {rC++ AC-2 Str-5 Int+8}
   (You took it off a naga sharpshooter on level 5 of the Depths)

   [ring of protection]

   It affects your AC (-2).
   It affects your strength (-5).
   It affects your intelligence (+8).
   It greatly protects you from cold.
 z - the amulet of Awe (around neck) {Regen+ Str+6}
   (You found it on level 7 of the Iron City of Dis)

   [amulet of regeneration]

   It affects your strength (+6).
   It increases your rate of regeneration.
 F - the ring of Affugh Gifo (left hand) {rN+ MR- Int+4 Slay+5}
   (You found it on level 3 of the Crypt)

   [ring of positive energy]

   It affects your intelligence (+4).
   It affects your accuracy and damage with ranged weapons and melee attacks
   (+5).
   It protects you from negative energy.
   It affects your resistance to hostile enchantments.
Wands
 K - a wand of digging (3/24)
 Q - a wand of disintegration (19/24)
 V - a wand of iceblast (10/15)
 X - a wand of teleportation (4/9)
Scrolls
 b - 11 scrolls of identify
 c - 3 scrolls of summoning
 e - 9 scrolls of teleportation
 h - 6 scrolls of amnesia
 i - 3 scrolls of magic mapping
 l - 13 scrolls of immolation
 p - 11 scrolls of enchant weapon
 q - 6 scrolls of fear
 u - 3 scrolls of brand weapon
 v - 7 scrolls of vulnerability
 x - 37 scrolls of remove curse
 y - 3 scrolls of silence
 B - 2 scrolls of enchant armour
 M - a scroll of holy word
 P - 5 scrolls of recharging
 T - 4 scrolls of blinking
 W - 4 scrolls of fog
Potions
 m - 5 potions of cancellation
 n - 3 potions of brilliance
 s - 24 potions of curing
 w - 10 potions of lignification
 A - 5 potions of ambrosia
 D - a potion of agility
 G - 3 potions of magic
 H - 9 potions of flight
 J - 11 potions of might
 N - a potion of cure mutation
 R - 4 potions of resistance
 Y - 10 potions of heal wounds
Books
 a - a book of Battle

   Spells                             Type                      Level
   a - Infusion                       Charms                       1
   b - Shroud of Golubria             Charms/Translocation         2
   c - Song of Slaying                Charms                       2
   d - Spectral Weapon                Hexes/Charms                 3
   e - Regeneration                   Charms/Necromancy            3
 t - a book of Envenomations

   Spells                             Type                      Level
   a - Spider Form                    Transmutation/Poison         3
   b - Olgreb's Toxic Radiance        Poison                       4
   c - Alistair's Intoxication        Transmutation/Poison         5
   d - Poisonous Cloud                Conjuration/Poison/Air       6
Miscellaneous
 C - a phantom mirror
 S - a phial of floods
Comestibles
 d - 31 bread rations
 o - 35 meat rations


   Skills:
 - Level 25.9 Fighting
 - Level 16.0 Maces & Flails
 - Level 26.0 Armour
 * Level 17.9 Dodging
 - Level 2.1 Stealth
 - Level 15.0 Shields
 - Level 20.4 Spellcasting
 - Level 21.6 Conjurations
 - Level 6.1 Translocations
 - Level 4.0 Transmutations
 O Level 27 Earth Magic
 - Level 10.1 Invocations


You had 28 spell levels left.
You knew the following spells:

 Your Spells              Type           Power        Failure   Level  Hunger
a - Bolt of Magma         Conj/Fire/Erth ########..   1%          5    None
b - Passwall              Trmt/Erth      ########..   0%          2    None
c - Stone Arrow           Conj/Erth      ######       0%          3    None
d - Blink                 Tloc           N/A          1%          2    None
e - Petrify               Trmt/Erth      ########     0%          4    None
f - Lee's Rapid Deconstr  Erth           ########..   0%          5    None
g - Shatter               Erth           ########..   2%          9    None
h - Orb of Destruction    Conj           ########..   1%          7    None
i - Apportation           Tloc           #######...   1%          1    None


Dungeon Overview and Level Annotations

Branches:
Dungeon (15/15)            Temple (0/1) D:6            Lair (8/8) D:8
  Swamp (4/4) Lair:5       Spider (4/4) Lair:3        Slime (0/6) Lair:7
    Orc (2/2) D:12            Elf (3/3) Orc:2        Vaults (5/5) D:13
  Crypt (3/3) Vaults:3       Tomb (3/3) Crypt:3      Depths (5/5) D:15
   Hell (1/1)                 Dis (7/7) Hell            Geh (0/7) Hell
    Coc (2/7) Hell            Tar (0/7) Hell            Zot (5/5) Depths:5

Altars:
Cheibriados
Dithmenos
Fedhas
Kikubaaqudgha
Makhleb
Nemelex Xobeh
Pakellas
Qazlal
Sif Muna
Trog
Vehumet
Yredelemnul
Zin
Beogh
Jiyva

Shops:
D:7 !   Orc:1 (   Orc:2 (*%(   Vaults:3 [**!}   Vaults:5 [=}??!!%!!

Portals:
Hell: Depths:1 Depths:2 Depths:3 Depths:4 Depths:5
Abyss: Depths:4
Pandemonium: Depths:3 Depths:4
Ziggurat: Depths:5
Trove: Vaults:3 (give +3 gold dragon armour)

Annotations:
Lair:7 1 runed door
Elf:2 exclusion: 3 doors
Vaults:4 Here we go
Vaults:5 hot damn
Depths:5 hungerless shatter fuck yeah


Innate Abilities, Weirdness & Mutations

You are resistant to torment.
Your stone body is resilient (AC +20).
You are immune to poison.
Your large and strong wings let you fly indefinitely.
You resist negative energy.
You are resistant to electric shocks.
You can survive without breathing.
You are immune to petrification.
You are immune to rotting.
Your body sometimes deteriorates upon taking damage.
Your magical capacity is low (-10% MP).
You are weak. (Str -2)
[You are frail (-10% HP).]


Message History

Vakep hits you but does no damage.
You bludgeon Vakep!! You burn Vakep!
Vakep is heavily wounded.
You block the Executioner's attack. x2
The Executioner hits you but does no damage.
Vakep hits you! The flow of time bends around you.
Cheibriados rebukes the smoke demon.
The smoke demon seems to slow down.
Vakep resists with some effort.
Cheibriados rebukes the Executioner.
The Executioner seems to slow down.
You feel slightly less full. You block the Executioner's attack. x2
The Executioner hits you but does no damage.
The Executioner hits you. The Executioner completely misses you.
The Executioner hits you but does no damage.
Vakep gestures.
The dungeon rumbles around Vakep!
You shudder from the earth-shattering force.
Ouch! That really hurt!
You die...

####..................
#.#..........).)###### #
##.#...........## #
#.###.[[.........#
.#...............#
#.#..............#
..##.#......)...|.....#
......[....1.......#....
.....)....3@................
............&.............).
.........#.#................
...#.#.##...#...............
......# #..##...............
...### #.###...[...........
.. ####.###...............)
........................
.........##.......#.....


You could see Vakep, an Executioner and a smoke demon.

Vanquished Creatures
  The ghost of Jano the Meteorologist, a legendary DsFi of Qazlal (Pan)
  2 pandemonium lords (Pan)
  Dispater (Dis:7)
  An orb of fire (Zot:4)
  4 ancient liches
  A juggernaut (Depths:2)
  Sojobo (Depths:1)
  7 iron giants
  26 greater mummies
  2 shard shrikes (Coc:1)
  2 caustic shrikes
  A curse toe (Zot:3)
  Geryon (Hell)
  Nikola (Vaults:2)
  13 golden dragons
  2 profane servitors (Crypt:3)
  Xtahua (Vaults:2)
  2 Tzitzimimeh
  4 bone dragons
  3 electric golems
  12 liches
  Jorgrun (Vaults:2)
  10 Brimstone Fiends
  Rupert (Lair:3)
  13 Hell Sentinels
  12 tentacled monstrosities
  9 Ice Fiends
  2 deep elf blademasters (Elf:3)
  Asterion (Vaults:2)
  5 quicksilver dragons
  3 Executioners
  5 titans
  16 ancient champions
  Gastronok (D:8)
  12 death cobs
  3 thorn hunters
  3 eldritch tentacles
  20 sphinxes
  8 shadow dragons
  10 tengu reavers
  3 revenants
  8 storm dragons
  15 fire giants
  Donald (Swamp:4)
  3 draconian knights
  7 ghost moths
  A draconian monk (Zot:3)
  9 frost giants
  6 deep elf sorcerers
  Maud (Lair:3)
  5 draconian scorchers
  5 chaos champions (Pan)
  Louise (D:14)
  A caustic shrike zombie (Crypt:2)
  3 orc warlords
  12 iron dragons
  6 cacodemons
  2 draconian zealots (Zot:3)
  24 vault wardens
  Aizul (Swamp:3)
  7 emperor scorpions
  3 curse skulls
  4 ghouls
  2 draconian shifters
  5 draconian annihilators
  24 ironheart preservers
  A caustic shrike skeleton (Crypt:1)
  3 warmongers (Pan)
  7 deep elf elementalists
  28 stone giants
  4 balrugs
  3 spriggan defenders
  46 reapers
  30 war gargoyles
  A draconian caller (Zot:1)
  21 very ugly things
  6 bennus
  4 green draconians
  4 red draconians
  10 vampire knights
  Azrael (D:15)
  5 salamander stormcallers
  6 black draconians
  4 black suns (Pan)
  6 deep elf demonologists
  2 lorocyprocas
  The ghost of Chiseanne the Nimble, a journeyman DsWn of Makhleb (Orc:1)
  7 yellow draconians
  2 corrupters (Pan)
  6 purple draconians
  4 spark wasps
  10 deep elf annihilators
  A white draconian (Zot:4)
  2 mottled draconians
  12 deep elf death magi
  8 eidola
  5 blizzard demons
  19 fire dragons
  4 quicksilver dragon zombies
  22 mummy priests
  22 ettins
  21 yaktaur captains
  52 vault guards
  10 green deaths
  Josephine (D:15)
  9 jiangshi
  5 deep elf high priests
  27 ice dragons
  4 quicksilver dragon skeletons
  Fannar (D:11)
  5 rakshasas
  8 great orbs of eyes
  4 hell beasts
  2 catoblepae
  2 monstrous demonspawn (Pan)
  12 entropy weavers
  A ghost crab (Swamp:2)
  23 hydras
  Erolcha (D:9)
  5 death knights
  Erica (D:9)
  3 spriggan air magi
  19 deep troll shamans
  5 alligators
  18 centaur warriors
  10 ogre magi
  20 dancing weapons
  A hell hog (shapeshifter) (Elf:1)
  15 deep troll earth magi
  3 death yaks (Lair:7)
  11 titan zombies
  5 orc high priests
  A naga sharpshooter (Depths:5)
  4 spriggan berserkers (Depths:3)
  3 tengu warriors
  Urug (Lair:3)
  6 vampire magi
  25 iron golems
  A shock serpent (shapeshifter) (Vaults:5)
  17 hell hogs
  11 soul eaters
  22 sun demons
  5 storm dragon zombies
  27 deep elf knights
  2 shadow wraiths
  3 titan skeletons
  14 iron trolls
  132 skeletal warriors
  2 fire crabs
  7 death scarabs (Tomb:2)
  A spark wasp zombie (Crypt:3)
  12 hell knights
  2 storm dragon skeletons (Coc:1)
  6 anaconda zombies
  4 golden dragon zombies
  A sea snake (shapeshifter) (Depths:1)
  2 gelid demonspawn (Pan)
  2 torturous demonspawn (Pan)
  2 ghost moth zombies
  14 flayed ghosts
  A golden dragon skeleton (Coc:2)
  A giant orange brain (shapeshifter) (Vaults:5)
  50 deep trolls
  9 anubis guards
  A hill giant (shapeshifter) (Vaults:1)
  5 shadow dragon zombies
  12 swamp dragons
  25 phantasmal warriors
  5 giant orange brains
  3 shambling mangroves
  5 unseen horrors
  14 orc knights
  6 lindwurms
  3 shadow demons
  14 ironbrand convokers
  4 putrid demonspawn (Pan)
  4 spriggan druids
  18 deep elf archers
  13 necromancers
  Pikel (D:7)
  11 harpies
  9 hill giants
  6 wolf spider zombies
  3 anaconda skeletons (Coc:1)
  A lindwurm (shapeshifter) (Vaults:4)
  14 orc sorcerers
  A salamander (shapeshifter) (Vaults:3)
  6 stone giant zombies
  An iron dragon zombie (Dis:4)
  8 wizards
  2 tengu skeletons
  23 orb spiders
  5 cyclopes
  46 wolf spiders
  7 griffons
  77 deep elf magi
  5 fire giant zombies
  A mana viper (shapeshifter) (Vaults:4)
  8 hornets
  A cyclops (shapeshifter) (Vaults:5)
  2 shadow dragon skeletons
  A hornet (shapeshifter) (Vaults:4)
  47 ugly things
  7 sixfirhies
  A salamander (Depths:4)
  4 frost giant zombies
  An apis skeleton (Crypt:1)
  24 moths of wrath
  Joseph (D:8)
  3 iron dragon skeletons
  3 stone giant skeletons
  An ice statue (Hell)
  2 guardian serpents (Depths:5)
  7 black mambas
  3 fire giant skeletons
  74 rust devils
  A frost giant skeleton (Dis:4)
  28 vault sentinels
  6 orange demons
  12 smoke demons
  A shock serpent zombie (Dis:1)
  2 guardian serpents (shapeshifter)
  An octopode (shapeshifter) (Vaults:4)
  A grey draconian zombie (Crypt:1)
  6 dire elephant zombies
  19 spiny frogs
  2 emperor scorpion zombies (Dis:6)
  3 gargoyles
  2 kobold demonologists
  A shock serpent skeleton (Dis:4)
  7 rime drakes
  7 komodo dragons
  6 torpor snails
  4 human zombies
  55 yaktaurs
  2 yaktaur zombies
  12 hellions
  40 tormentors
  23 freezing wraiths
  A ghost moth simulacrum (Crypt:2)
  2 efreet
  51 guardian mummies
  2 hellwings (Pan)
  A death yak skeleton (Crypt:3)
  A dire elephant skeleton (Coc:2)
  11 demonic crawlers
  A golden dragon simulacrum (Coc:2)
  14 hydra zombies
  15 ice devils
  An entropy weaver zombie (Crypt:1)
  13 trolls
  A troll (shapeshifter) (Vaults:1)
  23 red devils
  2 harpy zombies
  An iron troll skeleton (Dis:1)
  4 tengu conjurers
  36 jumping spiders
  2 polar bears (IceCv)
  A polar bear (shapeshifter) (Vaults:5)
  11 giant leeches
  25 two-headed ogres
  A wolf spider simulacrum (Coc:2)
  A harpy skeleton (Dis:2)
  A slime creature (shapeshifter) (D:14)
  A guardian serpent zombie (Crypt:1)
  4 alligator zombies
  A blink frog (shapeshifter) (Depths:5)
  A shadow dragon simulacrum (Coc:2)
  A wind drake (shapeshifter) (Vaults:2)
  8 boulder beetles
  3 fire dragon zombies
  13 blink frogs
  6 hydra skeletons
  63 slime creatures
  18 large abominations
  31 ushabtiu
  14 bog bodies
  6 ettin zombies
  105 redbacks
  7 ice dragon zombies
  4 black mamba zombies
  3 frost giant simulacra
  A satyr skeleton (Crypt:2)
  8 air elementals
  4 wyverns
  An alligator skeleton (Dis:1)
  A deep troll skeleton (Depths:1)
  A stone giant simulacrum (Tomb:3)
  62 flying skulls
  54 tarantellas
  20 shadows
  A spriggan (shapeshifter) (Vaults:5)
  A fire dragon skeleton (Dis:1)
  53 yaks
  16 ynoxinuls (Pan)
  3 ettin skeletons
  An ice dragon skeleton (Depths:1)
  10 spriggans
  37 wraiths
  A human (D:7)
  6 water elementals
  4 basilisks
  13 fire elementals
  2 steam dragons (Lair:8)
  12 hippogriffs
  4 hungry ghosts
  2 neqoxecs
  A golden eye (shapeshifter) (Vaults:2)
  36 vampire mosquitoes
  A putrid demonspawn zombie (Dis:7)
  7 chaos spawn
  3 elf skeletons
  A mottled dragon (Vaults:1)
  2 hippogriffs (shapeshifter)
  Edmund (D:4)
  A warg (shapeshifter) (Vaults:4)
  A merfolk zombie (Dis:2)
  A soldier ant (D:12)
  A naga (Depths:5)
  2 spatial vortices (Dis:6)
  8 insubstantial wisps
  A glowing shapeshifter zombie (Crypt:2)
  4 hydra simulacra
  A soldier ant (shapeshifter) (Vaults:1)
  43 hell hounds
  4 spiny frog zombies
  15 wargs
  25 swamp worms
  23 water moccasins
  Duvessa (D:6)
  5 giant eyeballs
  10 swamp drakes
  12 porcupines
  12 ice beasts
  3 snapping turtle zombies
  4 swamp dragon zombies
  21 wasps
  2 sky beasts
  An ettin simulacrum (Crypt:2)
  A slave (D:7)
  3 spiny frog skeletons
  2 elf zombies
  47 ogres
  73 orc warriors
  8 necrophages
  A manticore skeleton (Crypt:3)
  A manticore zombie (Dis:6)
  4 phantoms
  4 black bears
  7 wolves
  An eye of draining (D:14)
  3 boggarts (Depths:3)
  A swamp dragon skeleton (Dis:1)
  An orc skeleton (Vaults:2)
  20 centaurs
  2 human skeletons
  A snapping turtle skeleton (Coc:1)
  18 crocodiles
  A salamander zombie (Crypt:1)
  6 big kobolds
  A dryad zombie (Crypt:3)
  A draconian zombie (Crypt:2)
  A glowing shapeshifter simulacrum (Depths:3)
  4 gnoll sergeants
  2 earth elementals (Elf:3)
  25 giant frogs
  An ogre simulacrum (Vaults:1)
  A hell hound zombie (Crypt:3)
  Dowan (D:6)
  A spriggan zombie (Dis:1)
  A wyvern skeleton (D:14)
  A hell hound skeleton (Crypt:3)
  A water moccasin skeleton (D:9)
  The ghost of ReniFell the Skirmisher, a weakling MiFi (D:3)
  7 scorpions
  6 killer bees (D:13)
  An elf simulacrum (Vaults:4)
  A human simulacrum (Vaults:2)
  3 electric eels
  2 jellies
  A vampire bat (Abyss:4)
  38 wights
  13 howler monkeys
  12 crimson imps
  2 giant frog zombies
  4 centaur zombies
  2 quasits
  2 giant frog skeletons
  24 orc wizards
  2 gnoll shamans
  32 orc priests
  Crazy Yiuf (D:7)
  6 centaur skeletons
  A hound (D:5)
  A jelly (shapeshifter) (Depths:5)
  50 iron imps
  Jessica (D:3)
  22 iguanas
  19 worker ants
  28 sheep
  7 small abominations (D:9)
  A tengu zombie (Dis:3)
  2 demigod zombies
  A hound zombie (D:8)
  6 hound skeletons
  57 mummies
  A worker ant zombie (D:8)
  27 gnolls
  20 adders
  67 river rats
  5 shadow imps
  11 white imps
  3 ufetubi (Depths:4)
  An ooze (D:1)
  An adder zombie (D:7)
  22 worms
  2 adder skeletons
  2 ball lightnings (Pan)
  4 dart slugs
  6 giant geckos
  139 orcs
  2 spectral bats (Abyss:4)
  2 ball pythons
  A bat (shapeshifter) (Depths:3)
  6 giant cockroaches
  10 goblins
  9 hobgoblins
  14 jackals
  24 kobolds
  5 quokkas
  10 bats
  2 giant gecko skeletons
  2 giant newts
  2 jackal zombies
  A kobold simulacrum (Crypt:3)
  3 kobold zombies
  2 orc zombies (Dis:7)
  7 rats
  A bush (Lair:8)
  A fungus (Lair:7)
  2 lost souls
  5 plants
4289 creatures vanquished.

Vanquished Creatures (collateral kills)
  Saint Roka (Vaults:1)
  An entropy weaver (Depths:1)
  An ogre mage (Vaults:2)
  A moth of wrath (Zot:4)
  A two-headed ogre (Vaults:2)
5 creatures vanquished.

Vanquished Creatures (others)
  A juggernaut (Depths:3)
  A lich (Depths:2)
  2 deep elf master archers (Elf:3)
  A sphinx (Tomb:1)
  An eldritch tentacle (Dis:2)
  4 tengu reavers
  A storm dragon (Vaults:5)
  A revenant (Tomb:2)
  A blood saint (Pan)
  A balrug (Pan)
  2 stone giants
  Nessos (Orc:2)
  An ettin (Depths:2)
  A yaktaur captain (Depths:4)
  2 centaur warriors
  A sun demon (Pan)
  A shadow wraith (Vaults:2)
  A skeletal warrior (Vaults:3)
  39 death scarabs (Tomb:2)
  An unseen horror (D:15)
  A deep troll (Depths:1)
  10 deep elf archers
  A golden dragon skeleton (Crypt:3)
  A deep elf mage (Elf:2)
  A vault sentinel (Vaults:2)
  A dire elephant skeleton (Dis:1)
  A red devil (Pan)
  18 yaktaurs
  A harpy zombie (Tomb:2)
  A fire dragon zombie (Tomb:2)
  A redback (Spider:4)
  2 flying skulls (Coc:1)
  A fire elemental (Hell)
  A slave (D:7)
  A warg (Depths:5)
  An orc warrior (Depths:5)
  A sky beast (D:7)
  A wasp (Swamp:4)
  A black bear (D:7)
  4 ogres
  12 centaurs
  An iron imp (Dis:7)
  A killer bee zombie (D:7)
  4 mummies (Tomb:2)
  10 ball lightnings (Pan)
  An orc (Vaults:4)
  A briar patch (Swamp:2)
  2 bushes (Lair:8)
  204 eldritch tentacle segments
  24 fungi
  4 lost souls
  32 plants
  9 toadstools (Swamp:2)
  3 withered plants (Crypt:3)
422 creatures vanquished.

Grand Total: 4716 creatures vanquished

Notes
Turn   | Place    | Note
--------------------------------------------------------------
     0 | D:1      | JohnFord the Gargoyle Earth Elementalist began the quest for the Orb.
     0 | D:1      | Reached XP level 1. HP: 10/10 MP: 3/3
   132 | D:1      | Reached skill level 4 in Earth Magic
   139 | D:1      | Reached XP level 2. HP: 15/15 MP: 0/5
   296 | D:1      | Learned a level 2 spell: Passwall
   478 | D:1      | Reached skill level 5 in Earth Magic
   478 | D:1      | Reached XP level 3. HP: 19/19 MP: 3/6
   486 | D:1      | Learned a level 3 spell: Stone Arrow
   816 | D:1      | Reached skill level 1 in Conjurations
  1238 | D:2      | Found a faded altar to an unknown god.
  1256 | D:2      | Reached XP level 4. HP: 16/24 MP: 2/7
  1362 | D:2      | Found a sparkling altar of Nemelex Xobeh.
  2126 | D:2      | Reached XP level 5. HP: 28/28 MP: 8/8
  2493 | D:3      | Noticed ReniFell's ghost (weakling MiFi)
  2814 | D:3      | Reached skill level 5 in Conjurations
  2814 | D:3      | Reached XP level 6. HP: 29/32 MP: 9/9
  2817 | D:3      | Noticed Jessica
  2818 | D:3      | Killed Jessica
  3130 | D:3      | Killed ReniFell's ghost
  3566 | D:4      | Noticed Edmund
  3575 | D:4      | Reached XP level 7. HP: 28/36 MP: 12/12
  3599 | D:4      | Killed Edmund
  4248 | D:4      | Found a shadowy altar of Dithmenos.
  4276 | D:4      | Reached skill level 5 in Spellcasting
  4492 | D:4      | Reached XP level 8. HP: 41/41 MP: 15/15
  4627 | D:4      | Found a snail-covered altar of Cheibriados.
  4636 | D:4      | Became a worshipper of Cheibriados the Contemplative
  4677 | D:5      | Entered Level 5 of the Dungeon
  4905 | D:5      | Found a deep blue altar of Sif Muna.
  5249 | D:5      | Found an ancient bone altar of Kikubaaqudgha.
  5263 | D:5      | Reached * piety under Cheibriados
  5752 | D:6      | Reached skill level 6 in Earth Magic
  5824 | D:6      | Reached skill level 1 in Invocations
  5827 | D:6      | Noticed Duvessa
  5833 | D:6      | Noticed Dowan
  5843 | D:6      | Killed Duvessa
  5845 | D:6      | Killed Dowan
  6053 | D:6      | Found a staircase to the Ecumenical Temple.
  6307 | D:6      | Reached XP level 9. HP: 45/45 MP: 17/17
  6715 | D:7      | Noticed Pikel
  6761 | D:7      | Killed Pikel
  6761 | D:7      | Reached skill level 7 in Earth Magic
  6761 | D:7      | Reached skill level 5 in Invocations
  6976 | D:7      | Reached ** piety under Cheibriados
  7091 | D:7      | Found Tuuscheat's Distillery.
  7094 | D:7      | Bought a potion of curing for 39 gold pieces
  7094 | D:7      | Bought a potion of magic for 104 gold pieces
  7094 | D:7      | Bought a potion of flight for 39 gold pieces
  7673 | D:7      | Got a crude mace
  7674 | D:7      | Identified the +6 mace "Nureeco" {venom, rF+} (You found it on level 7 of the Dungeon)
  7951 | D:7      | Noticed Crazy Yiuf
  7958 | D:7      | Killed Crazy Yiuf
  7958 | D:7      | Reached skill level 8 in Earth Magic
  8161 | D:8      | Reached skill level 1 in Maces & Flails
  8187 | D:8      | Reached skill level 1 in Armour
  8352 | D:8      | Reached XP level 10. HP: 41/50 MP: 18/18
  8394 | D:8      | Found a staircase to the Lair.
  8415 | D:8      | Reached *** piety under Cheibriados
  8457 | D:8      | Noticed Joseph
  8467 | D:8      | Killed Joseph
  8527 | D:8      | Found an oddly glowing altar of Pakellas.
  8527 | D:8      | Found a stormy altar of Qazlal.
  8735 | D:8      | Noticed Gastronok
  8753 | D:8      | Killed Gastronok
  8753 | D:8      | Reached skill level 5 in Maces & Flails
  8753 | D:8      | Reached skill level 5 in Armour
  8753 | D:8      | Reached skill level 9 in Earth Magic
  9025 | D:8      | Found a basalt altar of Yredelemnul.
  9417 | D:8      | Found a bloodstained altar of Trog.
  9578 | Lair:1   | Entered Level 1 of the Lair of Beasts
  9600 | Lair:1   | Reached **** piety under Cheibriados
  9701 | Lair:1   | Reached XP level 11. HP: 43/54 MP: 19/19
  9951 | Lair:1   | Noticed a wolf spider
  9954 | Lair:1   | Killed a wolf spider
 10259 | Lair:1   | Reached ***** piety under Cheibriados
 10859 | Lair:1   | Reached skill level 10 in Earth Magic
 11519 | Lair:2   | Reached XP level 12. HP: 53/59 MP: 10/20
 11951 | Lair:3   | Noticed Rupert
 11973 | Lair:3   | Killed Rupert
 11973 | Lair:3   | Reached skill level 10 in Conjurations
 12088 | Lair:3   | Learned a level 2 spell: Blink
 12239 | Lair:3   | Noticed Urug
 12248 | Lair:3   | Killed Urug
 12343 | Lair:3   | Found a hole to the Spider Nest.
 12361 | Lair:3   | Reached skill level 11 in Earth Magic
 12396 | Lair:3   | Noticed Maud
 12410 | Lair:3   | Killed Maud
 12410 | Lair:3   | Reached skill level 10 in Armour
 13709 | Lair:5   | Reached skill level 10 in Maces & Flails
 13775 | Lair:5   | Found a staircase to the Swamp.
 13793 | Lair:5   | Reached XP level 13. HP: 63/63 MP: 21/21
 13942 | Lair:5   | Found a frozen archway.
 13961 | IceCv    | Entered an ice cave
 13990 | IceCv    | Reached ****** piety under Cheibriados
 14031 | IceCv    | Identified a +0 rod of ignition (9/9) (You found it in an ice cave)
 15146 | Lair:6   | Learned a level 4 spell: Petrify
 15152 | Lair:6   | Learned a level 5 spell: Lee's Rapid Deconstruction
 15888 | Lair:6   | Reached skill level 12 in Earth Magic
 16531 | Lair:7   | Found a runed door.
 16532 | Lair:7   | Found a viscous altar of Jiyva.
 16532 | Lair:7   | Noticed an acid blob
 16538 | Lair:7   | Noticed an acid blob
 16538 | Lair:7   | Noticed an acid blob
 16553 | Lair:7   | Found a staircase to the Slime Pits.
 16958 | Lair:7   | Reached skill level 5 in Dodging
 17258 | Lair:8   | Entered Level 8 of the Lair of Beasts
 17518 | Lair:8   | Gained mutation: Your large and strong wings let you fly indefinitely. [Gargoyle growth]
 17518 | Lair:8   | Reached XP level 14. HP: 13/68 MP: 19/22
 18859 | Lair:8   | Found a runed door.
 19770 | D:9      | Noticed Erica
 19778 | D:9      | Killed Erica
 20508 | D:9      | Noticed Erolcha
 20518 | D:9      | Killed Erolcha
 20727 | D:10     | Entered Level 10 of the Dungeon
 21278 | D:10     | Reached skill level 1 in Shields
 21533 | D:11     | Noticed Fannar
 21544 | D:11     | Killed Fannar
 21738 | D:11     | Reached XP level 15. HP: 60/72 MP: 9/23
 21992 | D:11     | Got a smelly ring mail
 22003 | D:11     | Identified the +4 ring mail "Geucwuof" {rElec rCorr Str-3} (You found it on level 11 of the Dungeon)
 22438 | D:12     | Identified Ketun's Foundations of Witchery
 22474 | D:12     | Reached skill level 5 in Shields
 22565 | D:12     | Reached skill level 1 in Transmutations
 22640 | D:12     | Found a basalt altar of Yredelemnul.
 22720 | D:12     | Reached skill level 1 in Translocations
 22816 | D:12     | Found a staircase to the Orcish Mines.
 23414 | D:13     | Found a gate to the Vaults.
 24105 | D:14     | Reached skill level 5 in Translocations
 24106 | D:14     | HP: 2/72 [cyan ugly thing (3)]
 24776 | D:14     | Noticed Louise
 24785 | D:14     | Killed Louise
 24785 | D:14     | Reached skill level 1 in Fighting
 25601 | D:15     | Entered Level 15 of the Dungeon
 25610 | D:15     | Noticed a fire giant
 25745 | D:14     | Upgraded the game from 0.18-a0-1747-g18c4181 to 0.18-a0-1748-g7377c14
 25749 | D:15     | Reached XP level 16. HP: 41/82 MP: 22/24
 25750 | D:15     | Noticed Josephine
 25852 | D:15     | Killed Josephine
 25860 | D:15     | Found a staircase to the Depths.
 26163 | D:15     | Noticed Azrael
 26184 | D:15     | Killed Azrael
 26851 | D:15     | Reached skill level 10 in Dodging
 27331 | Swamp:1  | Entered Level 1 of the Swamp
 28994 | Swamp:2  | Noticed a thorn hunter
 29008 | Swamp:2  | Killed a thorn hunter
 29288 | Swamp:2  | Reached skill level 10 in Invocations
 29520 | Swamp:2  | Reached skill level 13 in Earth Magic
 30417 | Swamp:3  | Reached skill level 14 in Earth Magic
 30906 | Swamp:3  | Noticed a thorn hunter
 30922 | Swamp:3  | Killed a thorn hunter
 30922 | Swamp:3  | Reached XP level 17. HP: 33/87 MP: 20/25
 31185 | Swamp:4  | Entered Level 4 of the Swamp
 31189 | Swamp:4  | Noticed Aizul
 31280 | Swamp:3  | Reached skill level 15 in Earth Magic
 31383 | Swamp:3  | Killed Aizul
 31553 | Swamp:4  | Reached skill level 5 in Fighting
 32077 | Swamp:4  | Noticed Donald
 32101 | Swamp:4  | Killed Donald
 32392 | Swamp:4  | Got a decaying rune of Zot
 32808 | Orc:1    | Entered Level 1 of the Orcish Mines
 32835 | Orc:2    | Entered Level 2 of the Orcish Mines
 32907 | Orc:2    | Noticed Nessos
 32918 | Orc:2    | Killed Nessos
 33206 | Orc:2    | Found Bioqul's Food Shoppe.
 33226 | Orc:2    | Found Saomac's Antique Weapon Emporium.
 33251 | Orc:2    | Bought a shimmering morningstar for 324 gold pieces
 33255 | Orc:2    | Identified the +8 morningstar of Yxtuu {crush, Dex+3} (You bought it in a shop on level 2 of the Orcish Mines)
 33262 | Orc:2    | Found a roughly hewn altar of Beogh.
 33705 | Orc:2    | Found a roughly hewn altar of Beogh.
 34130 | Orc:2    | Found a staircase to the Elven Halls.
 34460 | Orc:2    | Found Effan's General Store.
 34592 | Orc:2    | Found Dufi's Weapon Emporium.
 34771 | Orc:1    | Found Jyid's Antique Weapon Emporium.
 35312 | Orc:2    | Reached XP level 18. HP: 106/106 MP: 26/26
 35332 | Orc:1    | Noticed Chiseanne's ghost (journeyman DsWn)
 35352 | Orc:1    | Killed Chiseanne's ghost
 35352 | Orc:1    | Reached skill level 10 in Shields
 35574 | Spider:1 | Entered Level 1 of the Spider Nest
 37264 | Spider:2 | Got a translucent whip
 37265 | Spider:2 | Identified the +5 whip "Anod Lac" {antimagic, rElec rC+ Int+4 Dex-2} (You found it on level 2 of the Spider Nest)
 38886 | Spider:4 | Entered Level 4 of the Spider Nest
 38982 | Spider:4 | Reached skill level 15 in Shields
 39400 | Spider:4 | Reached XP level 19. HP: 112/112 MP: 14/27
 39468 | Spider:4 | Reached skill level 10 in Fighting
 40998 | Spider:4 | Got a gossamer rune of Zot
 41347 | Lair:6   | Learned a level 9 spell: Shatter
 41563 | Vaults:1 | Entered Level 1 of the Vaults
 41713 | Vaults:1 | Reached skill level 16 in Earth Magic
 41886 | Vaults:1 | Noticed Saint Roka
 41899 | Vaults:1 | Killed Saint Roka
 42719 | Vaults:1 | Reached XP level 20. HP: 100/122 MP: 32/32
 43038 | Vaults:1 | Reached skill level 17 in Earth Magic
 43046 | Vaults:1 | Reached skill level 10 in Spellcasting
 43760 | Vaults:2 | Noticed Xtahua
 43780 | Vaults:2 | Killed Xtahua
 43948 | Vaults:2 | Identified a scroll of acquirement
 43952 | Vaults:2 | Got a pair of bloodstained boots
 43963 | Vaults:2 | Identified the +2 pair of boots "Cid Hiaz" {rElec Str+2 SInv} (You acquired it on level 2 of the Vaults)
 43979 | Vaults:2 | Noticed Nikola
 43982 | Vaults:2 | Noticed Jorgrun
 44412 | Vaults:2 | Killed Nikola
 44416 | Vaults:2 | Reached skill level 15 in Maces & Flails
 44427 | Vaults:2 | Noticed Asterion
 44541 | Vaults:2 | Killed Jorgrun
 44689 | Vaults:2 | Reached skill level 18 in Earth Magic
 44952 | Vaults:2 | Reached XP level 21. HP: 127/127 MP: 28/35
 45055 | Vaults:2 | Gained mutation: Your spells are a little harder to cast, but a little more powerful. [potion of beneficial mutation]
 45087 | Vaults:2 | Killed Asterion
 45680 | Vaults:3 | Found a sparkling altar of Nemelex Xobeh.
 45680 | Vaults:3 | Found Gagean's Distillery.
 45688 | Vaults:3 | Bought a potion of curing for 57 gold pieces
 45688 | Vaults:3 | Bought a potion of curing for 57 gold pieces
 45688 | Vaults:3 | Bought a potion of might for 76 gold pieces
 45688 | Vaults:3 | Bought a potion of might for 76 gold pieces
 45707 | Vaults:3 | Found Yshreoxu's Assorted Antiques.
 45744 | Vaults:3 | Bought a scroll labeled NAIFAKITTE for 50 gold pieces
 45745 | Vaults:3 | Bought a transparent granite ring for 250 gold pieces
 45746 | Vaults:3 | Identified the ring "Jocoafuttig" {rElec rF- rN+ Str+2 Int+2} (You bought it in a shop on level 3 of the Vaults)
 45780 | Vaults:3 | Reached skill level 19 in Earth Magic
 45881 | Vaults:3 | Found Damobuz's General Store.
 45897 | Vaults:3 | Bought a cursed amulet of inaccuracy for 24 gold pieces
 46362 | Vaults:3 | Found a portal to a secret trove of treasure.
 46700 | Vaults:3 | Found a staircase to the Crypt.
 46734 | Vaults:3 | Found Saloa's Gadget Shop.
 46742 | Vaults:3 | Bought a wand of random effects (31/48) for 264 gold pieces
 46897 | Vaults:3 | Found Raareudgh's Antique Armour Emporium.
 46918 | Vaults:3 | Bought a glowing cloak for 175 gold pieces
 46988 | Vaults:3 | Bought the +2 cloak of Starlight {rElec rC+ EV+4 Stlth--} for 1930 gold pieces
 47261 | Vaults:1 | Reached skill level 20 in Earth Magic
 47354 | Depths:1 | Entered Level 1 of the Depths
 47490 | Depths:1 | Noticed Sojobo
 47552 | Depths:1 | Reached skill level 21 in Earth Magic
 48015 | Depths:1 | Reached XP level 22. HP: 93/132 MP: 16/36
 48276 | Elf:1    | Entered Level 1 of the Elven Halls
 48535 | Elf:1    | Reached skill level 22 in Earth Magic
 48891 | Elf:1    | Cast into level 4 of the Abyss (a deep elf sorcerer)
 48904 | Abyss:5  | Entered Level 5 of the Abyss
 48932 | Elf:1    | Escaped the Abyss
 49667 | Elf:2    | Reached skill level 23 in Earth Magic
 49754 | Elf:2    | Found a runed gate.
 49754 | Elf:2    | Found a runed gate.
 49754 | Elf:2    | Found a runed gate.
 49987 | Elf:3    | Entered Level 3 of the Elven Halls
 50715 | Elf:3    | Reached skill level 24 in Earth Magic
 51154 | Elf:3    | Got a heavily runed plate armour
 51156 | Elf:3    | Identified the +10 plate armour of the Lily {rElec rF+++ MR++ Int-4} (You found it on level 3 of the Elven Halls)
 51223 | Elf:3    | Reached XP level 23. HP: 121/136 MP: 20/37
 51334 | Elf:3    | Identified the Compendium of Earth and Creation
 51345 | Elf:3    | Got a slimy morningstar
 51346 | Elf:3    | Identified the cursed +3 morningstar "Qutsuan" {flame, Int+5} (You found it on level 3 of the Elven Halls)
 51365 | Elf:3    | Got a twitching marble ring
 51366 | Elf:3    | Identified the ring "Amnaitor" {EV+4 Str+5 SInv} (You found it on level 3 of the Elven Halls)
 51403 | Elf:3    | Got a shimmering ruby amulet
 51404 | Elf:3    | Identified the amulet of Bodily Harmony {Faith rElec MR+ MP+9} (You took it off a deep elf blademaster on level 3 of the Elven Halls)
 52175 | Depths:1 | Found a gateway to Hell.
 52191 | Depths:1 | Killed Sojobo
 52201 | Depths:1 | Reached skill level 25 in Earth Magic
 52768 | Depths:2 | Found a sparkling altar of Nemelex Xobeh.
 53931 | Depths:2 | Reached skill level 15 in Armour
 54028 | Depths:2 | Got a transparent steel amulet
 54029 | Depths:2 | Identified the amulet "Ebau" {Spirit *Corrode +Inv Int+3} (You found it on level 2 of the Depths)
 54042 | Depths:2 | Noticed a caustic shrike
 54049 | Depths:2 | Killed a caustic shrike
 54700 | Depths:3 | Reached XP level 24. HP: 97/142 MP: 31/37
 54829 | Depths:3 | Noticed a juggernaut
 54968 | Depths:2 | Killed a juggernaut
 55214 | Depths:3 | Found a one-way gate leading to the halls of Pandemonium.
 55256 | Depths:3 | Noticed a juggernaut
 55276 | Depths:3 | Killed a juggernaut
 55288 | Depths:3 | Noticed an iron giant
 55449 | Depths:3 | Killed an iron giant
 56162 | Depths:3 | Noticed an iron giant
 56164 | Depths:3 | Killed an iron giant
 57248 | Vaults:4 | Reached skill level 15 in Spellcasting
 57261 | Vaults:4 | Reached XP level 25. HP: 128/147 MP: 36/42
 58730 | Vaults:5 | Entered Level 5 of the Vaults
 58747 | Vaults:5 | Noticed an ancient lich
 58750 | Vaults:5 | Killed an ancient lich
 58935 | Vaults:5 | Reached XP level 26. HP: 145/152 MP: 45/45
 59419 | Vaults:5 | Found Tootudiu's Jewellery Boutique.
 59429 | Vaults:5 | Got a silver rune of Zot
 59542 | Vaults:5 | Found Voanwe's Distillery.
 60034 | Vaults:5 | Found Saako's Antique Armour Shop.
 60039 | Vaults:5 | Bought a smoking scale mail for 324 gold pieces
 60039 | Vaults:5 | Identified the cursed +0 scale mail of the Planets {rElec rN+ Regen+} (You bought it in a shop on level 5 of the Vaults)
 60137 | Vaults:5 | Found Luomevyt's Distillery.
 60141 | Vaults:5 | Bought a potion of magic for 184 gold pieces
 60141 | Vaults:5 | Bought 3 potions of might for 276 gold pieces
 60141 | Vaults:5 | Bought a potion of curing for 69 gold pieces
 60155 | Vaults:5 | Found Maucef's Distillery.
 60159 | Vaults:5 | Bought a potion of agility for 56 gold pieces
 60159 | Vaults:5 | Bought a potion of heal wounds for 70 gold pieces
 60159 | Vaults:5 | Bought a potion of resistance for 140 gold pieces
 60159 | Vaults:5 | Bought a potion of agility for 56 gold pieces
 60159 | Vaults:5 | Bought a potion of heal wounds for 70 gold pieces
 60159 | Vaults:5 | Bought a potion of magic for 112 gold pieces
 60172 | Vaults:5 | Found Daigoq's Distillery.
 60172 | Vaults:5 | Found Jekly's Food Emporium.
 60176 | Vaults:5 | Bought a potion of agility for 48 gold pieces
 60176 | Vaults:5 | Bought a potion of curing for 36 gold pieces
 60176 | Vaults:5 | Bought a potion of curing for 36 gold pieces
 60176 | Vaults:5 | Bought a potion of curing for 36 gold pieces
 60176 | Vaults:5 | Bought a potion of curing for 36 gold pieces
 60190 | Vaults:5 | Found Beanow's Distillery.
 60194 | Vaults:5 | Bought a potion of curing for 63 gold pieces
 60194 | Vaults:5 | Bought a potion of heal wounds for 105 gold pieces
 60194 | Vaults:5 | Bought 2 potions of heal wounds for 210 gold pieces
 60194 | Vaults:5 | Bought a potion of curing for 63 gold pieces
 60194 | Vaults:5 | Bought a potion of curing for 63 gold pieces
 60212 | Vaults:5 | Found Jemu's Magic Scroll Shop.
 60216 | Vaults:5 | Bought a scroll of torment for 157 gold pieces
 60220 | Vaults:5 | Found Jowaelas's Magic Scroll Shoppe.
 60245 | Vaults:5 | Found Wiynirir's Gadget Boutique.
 61129 | Depths:4 | Found a one-way gate to the infinite horrors of the Abyss.
 61917 | Depths:4 | Noticed a greater mummy
 61927 | Depths:4 | Killed a greater mummy
 61927 | Depths:4 | Reached XP level 27. HP: 163/163 MP: 38/47
 62072 | Depths:4 | Identified The Last Secrets of Theurgy (You found it on level 4 of the Depths)
 62082 | Depths:4 | Learned a level 7 spell: Orb of Destruction
 62087 | Depths:4 | Noticed a greater mummy
 62101 | Depths:4 | Killed a greater mummy
 62178 | Depths:5 | Entered Level 5 of the Depths
 62225 | Depths:5 | Found a gate to the Realm of Zot.
 62245 | Zot:1    | Entered Level 1 of the Realm of Zot
 62697 | Zot:1    | Reached skill level 15 in Fighting
 63205 | Zot:1    | Identified the Handbook of Summoning and Air (You found it on level 1 of the Realm of Zot)
 64776 | Zot:4    | Noticed an orb of fire
 64777 | Zot:4    | Gained mutation: You regenerate slowly when monsters are visible. [an orb of fire]
 64778 | Zot:4    | Gained mutation: Armour fits poorly on your strangely shaped body. [an orb of fire]
 64781 | Zot:4    | Gained mutation: You expend magic power (3 MP) to strengthen your wands. [an orb of fire]
 64781 | Zot:4    | Lost mutation: Your spells are a little harder to cast, but a little more powerful. [an orb of fire]
 64788 | Zot:4    | Lost mutation: You expend magic power (3 MP) to strengthen your wands. [potion of cure mutation]
 64788 | Zot:4    | Lost mutation: You regenerate slowly when monsters are visible. [potion of cure mutation]
 64788 | Zot:4    | Lost mutation: Armour fits poorly on your strangely shaped body. [potion of cure mutation]
 64788 | Zot:4    | Gained mutation: You are clumsy. (Dex -2) [an orb of fire]
 64789 | Zot:4    | Gained mutation: You tend to lose your temper in combat. [an orb of fire]
 65199 | Zot:4    | Gained mutation: You are very clumsy. (Dex -4) [an orb of fire]
 65200 | Zot:4    | Gained mutation: [You are frail (-10% HP).] [an orb of fire]
 65288 | Zot:4    | Lost mutation: [You are frail (-10% HP).] [potion of cure mutation]
 65288 | Zot:4    | Lost mutation: You are very clumsy. (Dex -4) [potion of cure mutation]
 65288 | Zot:4    | Lost mutation: You tend to lose your temper in combat. [potion of cure mutation]
 65288 | Zot:4    | Lost mutation: You are clumsy. (Dex -2) [potion of cure mutation]
 65633 | Zot:4    | Gained mutation: You tend to lose your temper in combat. [an orb of fire]
 65636 | Zot:4    | Gained mutation: You are covered in fur (AC +1). [an orb of fire]
 65639 | Zot:4    | Gained mutation: You expend magic power (3 MP) to strengthen your wands. [an orb of fire]
 65640 | Zot:4    | Killed an orb of fire
 66149 | Zot:5    | Entered Level 5 of the Realm of Zot
 66293 | Zot:3    | Lost mutation: You expend magic power (3 MP) to strengthen your wands. [potion of cure mutation]
 66293 | Zot:3    | Lost mutation: You tend to lose your temper in combat. [potion of cure mutation]
 66293 | Zot:3    | Lost mutation: You are covered in fur (AC +1). [potion of cure mutation]
 66389 | Hell     | Entered the Vestibule of Hell
 66389 | Hell     | Noticed Geryon
 66426 | Hell     | Killed Geryon
 66758 | Hell     | Found a gateway to the ashen valley of Gehenna.
 66889 | Hell     | Upgraded the game from 0.18-a0-1748-g7377c14 to 0.18-a0-1764-gf4ddf0b
 66974 | Hell     | Found a gateway to the freezing wastes of Cocytus.
 67021 | Hell     | Reached skill level 15 in Conjurations
 67227 | Hell     | Found a gateway to the decaying netherworld of Tartarus.
 67444 | Hell     | Found a gateway to the Iron City of Dis.
 67593 | Dis:1    | Entered Level 1 of the Iron City of Dis
 69201 | Dis:1    | Found a burning altar of Makhleb.
 71802 | Depths:5 | Found a glowing silver altar of Zin.
 71919 | Depths:5 | Got a translucent marble ring
 71920 | Depths:5 | Identified the ring "Qaefain" {rF+ MR+ Dex+7} (You found it on level 5 of the Depths)
 72254 | Depths:5 | Found a gateway to a ziggurat.
 72438 | Depths:5 | Got a clouded marble ring
 72506 | Depths:5 | Identified the ring of Light {Fire Slay+3} (You took it off an orc warrior on level 5 of the Depths)
 72579 | Depths:5 | Found a radiant altar of Vehumet.
 72901 | Depths:5 | Paralysed by a giant eyeball for 2 turns
 73029 | Depths:5 | Got a heavily runed pewter ring
 73030 | Depths:5 | Identified the cursed ring "Toceogett" {rC++ AC-2 Str-5 Int+8} (You took it off a naga sharpshooter on level 5 of the Depths)
 73480 | Crypt:1  | Entered Level 1 of the Crypt
 75241 | Crypt:3  | Entered Level 3 of the Crypt
 75241 | Crypt:3  | Noticed an ancient lich
 75245 | Crypt:3  | Killed an ancient lich
 75500 | Crypt:3  | Found a staircase to the Tomb.
 76349 | Crypt:3  | Got an ancient mace {antimagic}
 76350 | Crypt:3  | Identified the +5 mace "Orb Guardian's Foe" {antimagic, MP-9 Int+2 Dex+4} (You took it off an ushabti on level 3 of the Crypt)
 76469 | Crypt:3  | Found a basalt altar of Yredelemnul.
 76477 | Crypt:3  | Found an ancient bone altar of Kikubaaqudgha.
 76507 | Crypt:3  | Identified the Collected Works on Stolen Souls
 76512 | Crypt:3  | Got a brightly glowing glass ring
 76514 | Crypt:3  | Identified the ring of Joy {rN+ Int+6 Slay+3} (You found it on level 3 of the Crypt)
 76519 | Crypt:3  | Got a shimmering copper ring
 76521 | Crypt:3  | Identified the ring of the Republic {rN+ Str+3 Slay+3 Stlth-} (You found it on level 3 of the Crypt)
 76525 | Crypt:3  | Got a clouded bronze ring
 76526 | Crypt:3  | Identified the ring of Affugh Gifo {rN+ MR- Int+4 Slay+5} (You found it on level 3 of the Crypt)
 76602 | Crypt:3  | Found a blossoming altar of Fedhas.
 76726 | Tomb:1   | Entered Level 1 of the Tomb of the Ancients
 76836 | Tomb:1   | Noticed a greater mummy
 76841 | Tomb:1   | Noticed a greater mummy
 76841 | Tomb:1   | Killed a greater mummy
 76844 | Tomb:1   | Noticed a greater mummy
 76983 | Tomb:1   | Noticed a greater mummy
 76983 | Tomb:1   | Killed a greater mummy
 76983 | Tomb:1   | Killed a greater mummy
 76985 | Tomb:1   | Noticed a greater mummy
 76985 | Tomb:1   | Killed a greater mummy
 76993 | Tomb:1   | Noticed a greater mummy
 76994 | Tomb:1   | Killed a greater mummy
 77149 | Tomb:1   | Noticed a greater mummy
 77154 | Tomb:1   | Noticed a greater mummy
 77154 | Tomb:1   | Killed a greater mummy
 77155 | Tomb:1   | Killed a greater mummy
 77160 | Tomb:1   | Noticed a greater mummy
 77313 | Tomb:1   | Noticed a greater mummy
 77316 | Tomb:1   | Killed a greater mummy
 77316 | Tomb:1   | Killed a greater mummy
 77317 | Tomb:1   | Killed a greater mummy
 77455 | Tomb:1   | Noticed a greater mummy
 77473 | Tomb:1   | Killed a greater mummy
 78147 | Tomb:1   | Noticed an ancient lich
 78156 | Tomb:1   | Killed an ancient lich
 78157 | Tomb:1   | Noticed a greater mummy
 78166 | Tomb:1   | Killed a greater mummy
 78172 | Tomb:1   | Paralysed by a sphinx for 3 turns
 78519 | Tomb:2   | Noticed a greater mummy
 78522 | Tomb:2   | Noticed a greater mummy
 78522 | Tomb:2   | Noticed a greater mummy
 78523 | Tomb:2   | Killed a greater mummy
 78525 | Tomb:2   | Noticed a greater mummy
 78526 | Tomb:2   | Killed a greater mummy
 78529 | Tomb:2   | Killed a greater mummy
 78723 | Tomb:2   | Killed a greater mummy
 79512 | Tomb:3   | Entered Level 3 of the Tomb of the Ancients
 79715 | Tomb:3   | Noticed a greater mummy
 79719 | Tomb:3   | Noticed a greater mummy
 79871 | Tomb:3   | Noticed an ancient lich
 79872 | Tomb:3   | Killed an ancient lich
 79873 | Tomb:3   | Killed a greater mummy
 79873 | Tomb:3   | Killed a greater mummy
 79874 | Tomb:3   | Noticed a greater mummy
 79875 | Tomb:3   | Noticed a greater mummy
 79875 | Tomb:3   | Killed a greater mummy
 79878 | Tomb:3   | Noticed a greater mummy
 79878 | Tomb:3   | Noticed a greater mummy
 79879 | Tomb:3   | Noticed a greater mummy
 80018 | Tomb:3   | Noticed a greater mummy
 80018 | Tomb:3   | Killed a greater mummy
 80019 | Tomb:3   | Killed a greater mummy
 80019 | Tomb:3   | Killed a greater mummy
 80019 | Tomb:3   | Killed a greater mummy
 80158 | Tomb:3   | Killed a greater mummy
 80628 | Tomb:3   | Got a golden rune of Zot
 80731 | Tomb:3   | Got a wavering ivory ring
 80732 | Tomb:3   | Identified the ring "Xuf Etukk" {rPois EV+4} (You found it on level 3 of the Tomb of the Ancients)
 80746 | Tomb:3   | Learned a level 1 spell: Apportation
 83002 | Dis:4    | Gained mutation: You are dopey. (Int -2) [mutagenic glow]
 83037 | Dis:5    | Gained mutation: Your body sometimes deteriorates upon taking damage. [mutagenic glow]
 83044 | Dis:5    | Gained mutation: You are clumsy. (Dex -2) [a cacodemon]
 83051 | Dis:5    | Lost mutation: Your body sometimes deteriorates upon taking damage. [potion of cure mutation]
 83051 | Dis:5    | Lost mutation: You are dopey. (Int -2) [potion of cure mutation]
 83051 | Dis:5    | Lost mutation: You are clumsy. (Dex -2) [potion of cure mutation]
 83236 | Dis:5    | Noticed an iron giant
 83243 | Dis:5    | Killed an iron giant
 84177 | Dis:6    | Noticed an iron giant
 84186 | Dis:6    | Killed an iron giant
 84869 | Dis:6    | Reached skill level 26 in Earth Magic
 84910 | Dis:7    | Entered Level 7 of the Iron City of Dis
 85068 | Dis:7    | Noticed an iron giant
 85070 | Dis:7    | Killed an iron giant
 85344 | Dis:7    | Noticed an iron giant
 85355 | Dis:7    | Killed an iron giant
 85789 | Dis:7    | Gained mutation: You are weak. (Str -2) [mutagenic glow]
 85808 | Dis:7    | Gained mutation: You tend to lose your temper in combat. [mutagenic glow]
 86010 | Dis:7    | Noticed an iron giant
 86016 | Dis:7    | Killed an iron giant
 86672 | Dis:7    | Lost mutation: You tend to lose your temper in combat. [potion of cure mutation]
 86672 | Dis:7    | Lost mutation: You are weak. (Str -2) [potion of cure mutation]
 86938 | Dis:7    | Reached skill level 27 in Earth Magic
 87498 | Dis:7    | Noticed Dispater
 87516 | Dis:7    | Killed Dispater
 87619 | Dis:7    | Identified the Reference Book on Scorching Contamination (You found it on level 7 of the Iron City of Dis)
 87639 | Dis:7    | Got an iron rune of Zot
 87646 | Dis:7    | Got a bound emerald amulet
 87647 | Dis:7    | Identified the amulet of Awe {Regen+ Str+6} (You found it on level 7 of the Iron City of Dis)
 87691 | Dis:7    | Learned a level 5 spell: Bolt of Magma
 88022 | Coc:1    | Entered Level 1 of Cocytus
 88920 | Coc:2    | Gained mutation: [You are frail (-10% HP).] [mutagenic glow]
 88936 | Coc:2    | Gained mutation: Your body sometimes deteriorates upon taking damage. [mutagenic glow]
 88940 | Coc:2    | Reached skill level 15 in Dodging
 88976 | Coc:2    | Gained mutation: You tend to lose your temper in combat. [mutagenic glow]
 89069 | Hell     | Lost mutation: Your body sometimes deteriorates upon taking damage. [potion of cure mutation]
 89069 | Hell     | Lost mutation: [You are frail (-10% HP).] [potion of cure mutation]
 89069 | Hell     | Lost mutation: You tend to lose your temper in combat. [potion of cure mutation]
 89155 | Pan      | Entered Pandemonium
 89155 | Pan      | Found an exit through the horrors of the Abyss.
 89331 | Pan      | Noticed Doxkoref the pandemonium lord
 89342 | Pan      | Gained mutation: Your body sometimes deteriorates upon taking damage. [a shining eye]
 89347 | Pan      | Killed Doxkoref the pandemonium lord
 89410 | Pan      | Got a demonic rune of Zot
 90330 | Pan      | Found an exit through the horrors of the Abyss.
 90388 | Pan      | Noticed Jano's ghost (legendary DsFi)
 90415 | Pan      | Killed Jano's ghost
 90868 | Pan      | Noticed Ifismute the pandemonium lord
 90877 | Pan      | Killed Ifismute the pandemonium lord
 91207 | Pan      | Found an exit through the horrors of the Abyss.
 91463 | Pan      | Gained mutation: You are weak. (Str -2) [a cacodemon]
 91467 | Pan      | Gained mutation: Your magical capacity is low (-10% MP). [a cacodemon]
 91488 | Pan      | Noticed Vakep the pandemonium lord
 91495 | Pan      | Killed from afar by Vakep the pandemonium lord

Vault maps used:
D:1:      lightli_arrival_noodles, due_unseen_surprise
D:2:      nicolae_overflow_crystal_walls, ecumenical_altar_2,
          serial_co_window_serial, co_window_corner_a, co_window_corner_a,
          co_window_of_opportunity_a, co_window_paths_a, co_window_cross_1,
          co_window_corner_a, co_window_cross_1, co_window_corner_b,
          co_window_corner_b, co_window_cross_2, co_window_corner_cb,
          glass_columns_a, glass_columns_c, glass_columns_b, glass_columns_a,
          glass_columns_b, first_bread, minmay_bad_closet
D:3:      uniq_jessica
D:4:      marbit_many_paths, nicolae_dithmenos_through_a_glass_darkly,
          uniq_edmund
D:5:      kiku_gazebo_garden_becter, basic_altar, bh_walls_and_bars
D:6:      minmay_temple_entry_statues_pillars, uniq_duvessa
D:7:      serial_shops, kennysheep_mini_moat, grunt_livestock, uniq_pikel,
          uniq_crazy_yiuf_cottage
D:8:      lemuel_coloured_pillars_altar, overflow_temple_1_default,
          gammafunk_temple_overflow_elements, erik_lair_orcish_takeover,
          uniq_gastronok, uniq_joseph
D:9:      laboratory, uniq_erica, uniq_erolcha
D:10:     minmay_sticks_and_stones
D:11:     statue_in_the_mist_lemuel, kennysheep_generic_room_6, uniq_fannar
D:12:     kennysheep_orc_monster_closet_entryway, basic_altar,
          grunt_decor_mini_mirrors, kennysheep_generic_room_8
D:13:     lightli_vaults_fourway_checkpoint, corner_web_ring
D:14:     minmay_beelzebubs_servants, uniq_louise
D:15:     grunt_enter_depths_giant_problem, uniq_josephine, uniq_azrael
Lair:1:   minmay_lair_venomous_thicket, lab_entry_generic
Lair:2:   beast_lair_carwin_8
Lair:3:   spider_nest_entry_a, infiniplex_staircase_pool_2, uniq_maud,
          uniq_urug, uniq_rupert
Lair:5:   minmay_swamp_entry_worms, portal_ice_cave_entry_pillars_01,
          serial_bayou_shore_a
Lair:6:   grunt_megastairs_5, serial_bayou_shore_b, lemuel_fruit_fields
Lair:7:   slime_altar_2, grunt_forest_small_clearings, minmay_lindwurm_lava,
          grunt_megastairs_1, lemuel_fruit_fields
Lair:8:   guppyfry_lair_end_dragon, wormcave, lemuel_fruit_tree,
          infiniplex_staircase_pool
Swamp:1:  serial_swamp_ruin, evilmike_swamp_ruin_rubble_2,
          evilmike_swamp_ruin_house_5
Swamp:2:  cheibrodos_swamp_tower_of_moss, hangedman_swamp_pad, swamp_pool1
Swamp:3:  evilmike_swamp_ruin_house_6
Swamp:4:  swamp_alternative, uniq_donald, uniq_aizul
Spider:2: nicolae_spider_mines_3, nicolae_spider_cling_halls
Spider:4: spider_rune_water
Orc:1:    serial_shops, shop, nicolae_orc_lava_room
Orc:2:    pubby_orc_utopia, uniq_nessos
Elf:1:    elf_arrival_001, hangedman_elf_represent
Elf:3:    elf_hall_gauntlet_wide
Vaults:1: hangedman_vaults_corner_blocks, ontoclasm_vaults_pinch, v_pattern_3,
          v_misc_13, vaults_room_pool, ontoclasm_vaults_fire_temple,
          hangedman_vaults_slice, ontoclasm_vaults_idyll, v_misc_9,
          ontoclasm_vaults_decontamination, v_misc_4,
          vaults_standard_mumra_enter_the_diamond, hangedman_vaults_slither,
          nicolae_vaults_little_squares_2, vaults_dpeg_ring, uniq_saint_roka
Vaults:2: v_misc_11, vaults_room_hangedman_quadrants, v_misc_18,
          nicolae_vaults_border_crossing, nicolae_vaults_what_the_h,
          hangedman_vaults_cutoff, vaults_mumra_lcd, uniq_xtahua, uniq_asterion,
          uniq_nikola, uniq_jorgrun
Vaults:3: minmay_crypt_entry_simple_round, vaults_room_pool,
          nicolae_vaults_hallways_thing, vaults_room_hallway, vaults_room_pools,
          vaults_mumra_minichess_inversion, v_misc_4, ontoclasm_vaults_tryst,
          nicolae_vaults_mini_display_case, grunt_vaults_hallway_short,
          vaults_room_fours, enter_trove_5, serial_shops,
          nicolae_shop_waterfront, shop, shop, nicolae_shop_stone, shop,
          basic_altar
Vaults:4: nicolae_vaults_stairing_the_circle, nicolae_vaults_arrows,
          st_smaller_cells, vaults_room_hallway, v_misc_1,
          nicolae_vaults_ring_of_whatevers, nicolae_vaults_little_squares_6,
          hangedman_vaults_corner, dpeg_vaults_monster_box, v_misc_26,
          nicolae_vaults_theta
Vaults:5: serial_shops
Crypt:1:  grunt_crypt_arrival_webbed
Crypt:2:  serial_co_window_serial, co_window_corner_a, co_window_corner_a,
          co_window_corner_a, co_window_paths_b, co_window_paths_b,
          co_window_of_opportunity_a, co_window_paths_b, co_window_corner_a,
          co_window_corner_a, co_window_corner_cb, co_window_unsneaky_path_c,
          co_window_broadway_a, co_window_paths_c, co_window_paths_c,
          co_window_corner_b, co_window_paths_d, glass_columns_a,
          glass_columns_c, glass_columns_a, glass_columns_c
Crypt:3:  lightli_unholy_cathedral, tomb_entry_simple_bobbens,
          nicolae_crypt_fedhas_prevails, corexii_hall_statues_l
Depths:1: hell_entry, serial_sigils_hangedman_quiver, minmay_door_square,
          grunt_ministairs_2, kennysheep_nondescript, hangedman_corner_corridor,
          uniq_sojobo
Depths:2: minmay_nine_rooms, hell_entry, nemelex_xobeh_ov_fountains_minmay,
          infiniplex_staircase_spiral_double
Depths:3: nicolae_legendary_halls, grunt_pan_entry_in_and_out,
          minmay_strange_pillars, hell_entry
Depths:4: ragdoll_tomb_raider, nicolae_abyss_entry_one_way_or_another,
          pf_hell_entry_tar_spiral, grunt_pan_entry_spiral, nrook_uturn,
          minmay_misc_feat_tiny
Depths:5: hangedman_spin_cycle, hell_entry
Dis:1:    kennysheep_iron_temple, special_room
Dis:3:    hangedman_dis_decor_blocks_crown
Dis:4:    hangedman_player_shredder
Dis:7:    iron_city_of_dis
Zot:3:    grunt_ministairs_5, st_stairs_7
Zot:4:    grunt_megastairs_3
Abyss:4:  hangedman_abyss_monster_moat, grunt_abyss_rune_sword_and_sorcery,
          evilmike_abyss_exit_12
Abyss:5:  grunt_abyss_exit_deep_breaths, evilmike_abyss_rune_tentacle_tunnel
Pan:      rand_demon_8, nicolae_pan_lom_lobonic_2,
          evilmike_mini_pan_other_thingy, lemuel_hellion_island,
          nicolae_pan_gloorx_vloqian_1
IceCv:    ice_cave_caverns_03

Skill      XL: |  1  2  3  4  5  6  7  8  9 10 11 12 13 14 15 16 17 18 19 20 21 22 23 24 25 26 27 |
---------------+----------------------------------------------------------------------------------+-----
Earth Magic    | 4 5 6 8 9 10 11 12 14 15 16 18 21 24 25 27 | 27.0
Conjurations   | 2 3 5 6 7 8 9 10 21 | 21.6
Dodging        | 2 3 4 5 8 9 10 11 17 | 17.9
Spellcasting   | 3 5 8 10 15 18 20 | 20.4
Invocations    | 3 6 10 | 10.1
Maces & Flails | 2 5 8 10 12 14 15 16 | 16.0
Armour         | 2 6 8 10 12 13 16 26 | 26.0
Shields        | 3 5 9 15 | 15.0
Transmutations | 4 |  4.0
Translocations | 6 |  6.1
Fighting       | 2 3 9 12 14 25 | 25.9
Stealth        | |  2.1

Action                   |  1- 3 |  4- 6 |  7- 9 | 10-12 | 13-15 | 16-18 | 19-21 | 22-24 | 25-27 || total
-------------------------+-------+-------+-------+-------+-------+-------+-------+-------+-------++-------
Melee: Unarmed           |     9 |       |       |       |       |       |       |       |       ||     9
       Club              |    65 |    37 |       |       |       |       |       |       |       ||   102
       Spear             |       |    96 |   284 |       |       |       |       |       |       ||   380
       Mace              |       |       |    48 |   468 |  1513 |  1007 |       |       |       ||  3036
       Morningstar       |       |       |       |       |       |   977 |  1413 |  1221 |  6495 || 10106
Throw: Stone             |     2 |     2 |       |       |       |       |       |       |       ||     4
 Cast: Sandblast         |    52 |    56 |       |     1 |       |       |       |       |       ||   109
       Stone Arrow       |       |    16 |    81 |   131 |   343 |   373 |   101 |    97 |   469 ||  1611
       Lee's Rapid Decon |       |       |       |       |    27 |    12 |    78 |   111 |   348 ||   576
       Passwall          |       |       |       |       |     6 |       |       |       |       ||     6
       Petrify           |       |       |       |       |    11 |    13 |     8 |     8 |    12 ||    52
       Blink             |       |       |       |       |       |       |       |     4 |       ||     4
       Shatter           |       |       |       |       |       |       |       |     7 |   180 ||   187
       Bolt of Magma     |       |       |       |       |       |       |       |       |    65 ||    65
       Orb of Destructio |       |       |       |       |       |       |       |       |    26 ||    26
Invok: Slouch            |       |       |       |     3 |    10 |    21 |    21 |     9 |     8 ||    72
       Temporal Distorti |       |       |       |       |     3 |     3 |       |       |     2 ||     8
       Bend Time         |       |       |       |       |       |     4 |     1 |       |     2 ||     7
       Step From Time    |       |       |       |       |       |     1 |       |       |       ||     1
 Abil: Fly               |       |       |       |       |       |     1 |       |       |       ||     1
       Stop Flying       |       |       |       |       |       |     1 |       |       |       ||     1
Evoke: Club              |       |       |       |     6 |     7 |     1 |     7 |     5 |     6 ||    32
       Whip              |       |       |       |       |     1 |       |       |       |       ||     1
       Phantom mirror    |       |       |       |       |       |       |     2 |       |     1 ||     3
       Phial of floods   |       |       |       |       |       |       |     2 |     1 |     1 ||     4
  Use: Scroll            |       |     9 |     5 |     3 |    11 |     3 |    12 |    15 |    22 ||    80
       Potion            |       |       |     1 |     8 |     1 |     4 |     5 |     3 |    14 ||    36
 Stab: Sleeping          |     5 |     2 |     2 |       |       |       |       |       |       ||     9
       Distracted        |       |     1 |       |       |       |     1 |       |       |     3 ||     5
       Petrifying        |       |       |       |       |     4 |       |     1 |       |     1 ||     6
       Petrified         |       |       |       |       |     1 |     3 |       |       |       ||     4
  Eat: Chunk             |     2 |    10 |    15 |    10 |    22 |    27 |    16 |     3 |     8 ||   113
       Royal jelly       |       |       |       |       |     4 |       |       |       |     2 ||     6
       Beef jerky        |       |       |       |       |     5 |     4 |       |     2 |     2 ||    13
       Fruit             |       |       |       |       |     1 |     1 |       |       |     7 ||     9
       Pizza             |       |       |       |       |       |       |     9 |     6 |     1 ||    16
       Meat ration       |       |       |       |       |       |       |       |     2 |     8 ||    10
       Bread ration      |       |       |       |       |       |       |       |       |     5 ||     5
Armor: Robe              |    57 |    74 |   102 |       |       |       |       |       |       ||   233
       Chain mail        |       |       |    51 |   358 |   872 |  1135 |   585 |   249 |       ||  3250
       Skin              |       |       |       |     2 |       |       |       |       |       ||     2
       Fire dragon armou |       |       |       |       |       |       |       |   147 |  1357 ||  1504
       Plate armour      |       |       |       |       |       |       |       |       |  1059 ||  1059
Dodge: Dodged            |    85 |    93 |   212 |   302 |  1100 |  1608 |   977 |   773 |  4800 ||  9950
Block: Buckler           |       |       |       |       |   224 |   318 |       |       |       ||   542
       Shield            |       |       |       |       |       |  1031 |  1379 |   896 |  5231 ||  8537
       Reflected         |       |       |       |       |       |     8 |   143 |   130 |   115 ||   396
